Cogmind - Beta 14 @@@ ROGUE MODE // 2024.08.16 @ 01:20:27 Player: Olafz Result: Destroyed by G-50 Soldier with Heavy Laser Performance ------------- Evolutions (4) 2000 Regions Visited (5) 1000 Robots Destroyed (1) 5 Value Destroyed (11) 11 Prototype IDs (0) 0 Alien Tech Used (0) 0 Bonus (470) 470 TOTAL SCORE: 3486 Bonus ------- Pacifist 470 Cogmind --------- Core Integrity 0/850 Matter 173/300 Energy 98/100 System Corruption 1% Temperature Cool (9) Movement Core (50) Location -6/Factory Parts ------- > --- POWER (1) -------- (None) > --- PROPULSION (4) --- (None) > --- UTILITY (8) ------ Advanced Visual Processing Unit Improved Signal Interpreter Improved Signal Interpreter Improved Hacking Suite > --- WEAPON (2) ------- (None) > --- INVENTORY (5) ---- Sensor Array Sensor Array Improved Signal Interpreter Improved Signal Interpreter Power Sword Peak State ------------ > --- POWER ------------ (None) > --- PROPULSION ------- (None) > --- UTILITY ---------- Advanced Visual Processing Unit Improved Signal Interpreter Improved Signal Interpreter Hacking Suite Hacking Suite Improved Hacking Suite > --- WEAPON ----------- (None) > --- INVENTORY -------- Sensor Array Sensor Array Improved Signal Interpreter Improved Signal Interpreter Power Sword [Rating: 21] Favorites ----------- Power None Propulsion Flight Unit Flight Unit Flight Unit Utility Improved Signal Interpreter Device Sensor Array Processor Improved Signal Interpreter Hackware Hacking Suite Weapon Missile Launcher Launcher Missile Launcher Build | -11 -10 -9 -8 -7 -6 ------- Run | Yrd Mat Mat Mat Fac Fac Slots Evolved 8 | . . 2 2 2 2 Power . | . . . . . . Propulsion 2 | . . . 1 1 . Utility 6 | . . 2 1 1 2 Weapon . | . . . . . . Parts Attached 9 | . 2 1 2 1 3 Power . | . . . . . . Engine . | . . . . . . Core . | . . . . . . Reactor . | . . . . . . Propulsion 1 | . 1 . . . . Treads . | . . . . . . Leg . | . . . . . . Wheel . | . . . . . . Hover . | . . . . . . Flight 1 | . 1 . . . . Utility 7 | . 1 1 1 1 3 Device 1 | . 1 . . . . Storage . | . . . . . . Processor 3 | . . 1 1 1 . Hackware 3 | . . . . . 3 Protection . | . . . . . . Artifact . | . . . . . . Weapon 1 | . . . 1 . . Energy Gun . | . . . . . . Energy Cannon . | . . . . . . Ballistic Gun . | . . . . . . Ballistic Cannon . | . . . . . . Launcher 1 | . . . 1 . . Special Weapon . | . . . . . . Impact Weapon . | . . . . . . Slashing Weapon . | . . . . . . Piercing Weapon . | . . . . . . Special Melee Weapon . | . . . . . . Unidentified Prototypes . | . . . . . . Parts Lost 4 | . . 1 . 1 2 Power . | . . . . . . Propulsion 1 | . . 1 . . . Utility 3 | . . . . 1 2 Weapon . | . . . . . . Highest Loss Streak 2 | . . 1 . 1 2 To Critical Strikes . | . . . . . . Average Slot Usage (%) 24 | . 16 27 21 21 31 Flight 2 | . 8 9 . . . Device 5 | . 8 11 9 5 . Processor 12 | . . 7 10 15 20 Hackware 3 | . . . . . 11 Peak Build Rating 21 | . 2 6 8 9 21 Average Rating 8 | . 1 4 5 7 15 On Entrance 4 | . . 2 5 8 9 Naked Turns 25 | . 25 . . . . Heaviest Build 7 | . 1 1 7 1 . Greatest Support 4 | 3 4 4 3 3 3 Greatest Overweight (x) 2 | . . . 2 . . Average Overweight (x) . | . . . . . . Largest Inventory Capacity 5 | 5 5 5 5 5 5 Average Capacity 5 | 5 5 5 5 5 5 Most Carried 5 | . 2 5 5 5 5 Average Carried 3 | . . 4 5 4 4 Final Capacity 5 | 5 5 5 5 5 5 Final Carried 5 | . 2 5 5 4 5 Class Distribution -------------------- 62% | Mutant 18% | Hacker-Mutant 18% | Scout Dominant Class ---------------- Mutant | -10/Materials Mutant | -9/Materials Mutant | -8/Materials Scout | -7/Factory Hacker-Mutant | -6/Factory Resources | -11 -10 -9 -8 -7 -6 ----------- Run | Yrd Mat Mat Mat Fac Fac Matter Collected 127 | 116 11 . . . . Remotely . | . . . . . . Salvage Created 3 | . . . 3 . . Parts 2 | . . . 2 . . Haulers Intercepted . | . . . . . . Recyclers Shooed . | . . . . . . Parts Field Recycled . | . . . . . . Retrieved Matter . | . . . . . . Parts Self-Destructed . | . . . . . . Prevented . | . . . . . . Kills | -11 -10 -9 -8 -7 -6 ------- Run | Yrd Mat Mat Mat Fac Fac Combat Hostiles Destroyed . | . . . . . . Classes Destroyed 1 | . . . 1 . . Worker 1 | . . . 1 . . Best Kill Streak 1 | . . . 1 . . Combat Bots Only . | . . . . . . Max Kills in Single Turn 1 | . . . 1 . . Gunslinging . | . . . . . . Exploded . | . . . . . . Melee . | . . . . . . Uniques/NPCs Destroyed . | . . . . . . Combat | -11 -10 -9 -8 -7 -6 -------- Run | Yrd Mat Mat Mat Fac Fac Hostile Shots Fired 159 | . 31 18 20 18 72 Missed 69 | . 15 6 8 8 32 Damage Taken 1431 | . 127 147 174 87 896 Core 1340 | . 113 123 174 70 860 Absorbed by Shields . | . . . . . . Core Remaining (%) 76 | 100 54 69 68 90 . Volleys Fired 1 | . . . 1 . . Largest 1 | . . . 1 . . Hottest 36 | . . . 36 . . Shots Fired 1 | . . . 1 . . Gun . | . . . . . . Cannon . | . . . . . . Launcher 1 | . . . 1 . . Special . | . . . . . . Kinetic . | . . . . . . Thermal . | . . . . . . Explosive 1 | . . . 1 . . Electromagnetic . | . . . . . . Robot Hit Streak . | . . . . . . Robot Miss Streak . | . . . . . . Penetration Max . | . . . . . . Secondary Targets . | . . . . . . Shots Hit Robots . | . . . . . . Core Hits 3 | . . . 1 2 . Critical Kills . | . . . . . . Critical Parts Destroyed . | . . . . . . Critical Strikes . | . . . . . . Melee Attacks . | . . . . . . Impact . | . . . . . . Slashing . | . . . . . . Piercing . | . . . . . . Sneak Attacks . | . . . . . . Combat Hostiles . | . . . . . . Follow-up Attacks . | . . . . . . Damage Inflicted 105 | . . . 52 26 27 Guns . | . . . . . . Cannons . | . . . . . . Explosions 51 | . . . 51 . . Melee . | . . . . . . Ramming 54 | . . . 1 26 27 Kinetic . | . . . . . . Thermal . | . . . . . . Explosive 51 | . . . 51 . . Electromagnetic . | . . . . . . Impact . | . . . . . . Slashing . | . . . . . . Piercing . | . . . . . . Highest Corruption 1 | . . . . . 1 Average Corruption 1 | . . . . . 1 Corruption Purged . | . . . . . . Corruption Blocked . | . . . . . . Overload Shots . | . . . . . . Overflow Damage . | . . . . . . Projectiles . | . . . . . . Explosions . | . . . . . . Melee . | . . . . . . Knockbacks 1 | . . . . . 1 Impact 1 | . . . . . 1 Kinetic . | . . . . . . Secondary . | . . . . . . Self-Inflicted Damage 23 | . . . . 10 13 Shots . | . . . . . . Rammed 11 | . . . 1 7 3 Targets Rammed 11 | . . . 1 7 3 Kicked . | . . . . . . Crushed . | . . . . . . Highest Temperature . | . . . . . . Average Temperature . | . . . . . . Received Heat Transfer 315 | . . 60 99 18 138 Siege Activations . | . . . . . . Robots Corrupted . | . . . . . . Combat Hostiles . | . . . . . . Parts Fried . | . . . . . . Impact Corruptions . | . . . . . . Robots Melted . | . . . . . . Combat Hostiles . | . . . . . . Parts Melted . | . . . . . . Heat Transferred . | . . . . . . Parts Sabotaged . | . . . . . . Parts Stolen . | . . . . . . Parts Stripped . | . . . . . . Power Chain Reactions . | . . . . . . Alert | -11 -10 -9 -8 -7 -6 ------- Run | Yrd Mat Mat Mat Fac Fac Peak Influence 154 | . 15 35 102 61 154 Initial 46 | . . 5 10 46 24 Average 33 | . 5 10 37 48 51 Maximum Alert Level . | . . . . . . Low Security (%) 100 | 100 100 100 100 100 100 Level 1 . | . . . . . . Level 2 . | . . . . . . Level 3 . | . . . . . . Level 4 . | . . . . . . Level 5 . | . . . . . . High Security . | . . . . . . Max Security . | . . . . . . Squads Dispatched 2 | . 1 . 1 . . Investigation . | . . . . . . Extermination . | . . . . . . Reinforcement 2 | . 1 . 1 . . Assault . | . . . . . . Garrison . | . . . . . . Intercept . | . . . . . . Searches Triggered . | . . . . . . Construction Impeded . | . . . . . . Haulers Reinforced . | . . . . . . Active Scanning Responses . | . . . . . . Cargo Convoy Interrupts . | . . . . . . Stealth | -11 -10 -9 -8 -7 -6 --------- Run | Yrd Mat Mat Mat Fac Fac Distress Signals 2 | . . 1 1 . . Communications Jammed . | . . . . . . Distress Signals . | . . . . . . Times Spotted 33 | . 4 8 5 1 15 Peak Tracking Total 9 | . 4 9 3 1 6 Tactical Retreats 3 | . . . 1 . 2 Traps | -11 -10 -9 -8 -7 -6 ------- Run | Yrd Mat Mat Mat Fac Fac Traps Triggered . | . . . . . . Indirectly . | . . . . . . Trap Hack Attempts . | . . . . . . Triggered . | . . . . . . Disarmed . | . . . . . . Reprogrammed . | . . . . . . Reused . | . . . . . . Traps Extracted . | . . . . . . Installed . | . . . . . . Triggered . | . . . . . . Machines | -11 -10 -9 -8 -7 -6 ---------- Run | Yrd Mat Mat Mat Fac Fac Machines Disabled 1 | . . . 1 . . Max in Single Turn 1 | . . . 1 . . Machines Repaired . | . . . . . . Machines Dismantled . | . . . . . . Machines Sabotaged . | . . . . . . Overloaded Fab Kills . | . . . . . . Hacking | -11 -10 -9 -8 -7 -6 --------- Run | Yrd Mat Mat Mat Fac Fac Machines Accessed . | . . . . . . Terminals . | . . . . . . Fabricators . | . . . . . . Repair Stations . | . . . . . . Recycling Units . | . . . . . . Scanalyzers . | . . . . . . Garrison Access . | . . . . . . Total Hacks . | . . . . . . Successful . | . . . . . . Failed . | . . . . . . Catastrophic . | . . . . . . Database Lockouts . | . . . . . . Manual . | . . . . . . Terminals . | . . . . . . Fabricators . | . . . . . . Repair Stations . | . . . . . . Recycling Units . | . . . . . . Scanalyzers . | . . . . . . Garrison Access . | . . . . . . Terminal Hacks . | . . . . . . Fabricator Hacks . | . . . . . . Repair Station Hacks . | . . . . . . Recycling Unit Hacks . | . . . . . . Scanalyzer . | . . . . . . Garrison Access Hacks . | . . . . . . Unauthorized Hacks . | . . . . . . Terminals . | . . . . . . Fabricators . | . . . . . . Repair Stations . | . . . . . . Recycling Units . | . . . . . . Scanalyzers . | . . . . . . Garrison Access . | . . . . . . Data Cores Recovered . | . . . . . . Used . | . . . . . . Hacking Detections . | . . . . . . Full Trace Events . | . . . . . . Feedback Events . | . . . . . . Feedback Blocked . | . . . . . . Robot Schematics Acquired . | . . . . . . Robots Built . | . . . . . . Authchips . | . . . . . . Time . | . . . . . . Total Robot Build Rating . | . . . . . . Part Schematics Acquired . | . . . . . . Parts Built . | . . . . . . Authchips . | . . . . . . Time . | . . . . . . Total Part Build Rating . | . . . . . . Parts Repaired . | . . . . . . Time . | . . . . . . Parts Recycled . | . . . . . . Recycled Matter . | . . . . . . Retrieved Matter . | . . . . . . Retrieved Components . | . . . . . . Parts Scanalyzed . | . . . . . . Part Schematics Acquired . | . . . . . . Parts Damaged . | . . . . . . Bothacking | -11 -10 -9 -8 -7 -6 ------------ Run | Yrd Mat Mat Mat Fac Fac Used RIF Installer . | . . . . . . Robots Hacked . | . . . . . . Non-combat . | . . . . . . Combat . | . . . . . . Robot Hacks Applied . | . . . . . . Relay Couplers Released . | . . . . . . Fabnet Peak Effective % . | . . . . . . Robots Rewired . | . . . . . . Allies Hacked . | . . . . . . Hacks Repelled . | . . . . . . Allies | -11 -10 -9 -8 -7 -6 -------- Run | Yrd Mat Mat Mat Fac Fac Total Allies . | . . . . . . Largest Group . | . . . . . . Highest-Rated Group . | . . . . . . Highest-Rated Ally . | . . . . . . Total Orders . | . . . . . . Ally Attacks . | . . . . . . Total Damage . | . . . . . . Kills . | . . . . . . Allies Corrupted . | . . . . . . Allies Melted . | . . . . . . Intel | -11 -10 -9 -8 -7 -6 ------- Run | Yrd Mat Mat Mat Fac Fac Robot Analysis Total . | . . . . . . Derelict Logs Recovered . | . . . . . . Drone Launches . | . . . . . . Drone Recoveries . | . . . . . . Exploration | -11 -10 -9 -8 -7 -6 ------------- Run | Yrd Mat Mat Mat Fac Fac Turns Passed 379 | 9 58 57 86 56 113 Spaces Moved 710 | 18 120 127 141 95 209 Core 523 | 18 48 12 141 95 209 Treads . | . . . . . . Legs . | . . . . . . Wheels . | . . . . . . Hover . | . . . . . . Flight 187 | . 72 115 . . . Fastest Speed 40 | 50 40 40 50 50 50 Average Speed 48 | 50 44 40 56 50 50 Slowest Speed 150 | 50 50 50 150 50 50 Overloaded Moves . | . . . . . . Propulsion Burnouts . | . . . . . . Robots Hopped 3 | . 1 2 . . . Cave-ins Triggered . | . . . . . . Exploration Rate (%) 15 | 4 34 19 20 4 10 Regions Visited 5 Branch Regions . Pre-discovered Areas . | . . . . . . Known Exits Taken 3 | . . 1 1 1 . Unknown Exits Taken 2 | 1 1 . . . . Scrap Searched . | . . . . . . Spaces Dug 14 | . . . 14 . . Terrain Destroyed 37 | . . . 37 . . Melee . | . . . . . . Projectile . | . . . . . . AOE 37 | . . . 37 . . Terrain Rammed . | . . . . . . Walls Destroyed . | . . . . . . Machines Disabled . | . . . . . . Actions | -11 -10 -9 -8 -7 -6 --------- Run | Yrd Mat Mat Mat Fac Fac Total 730 | 17 122 128 145 102 216 Wait . | . . . . . . Move 700 | 17 117 122 141 94 209 Hop 3 | . 1 2 . . . Pick Up 6 | . 2 3 . . 1 Fast Attach 8 | . 2 1 2 . 3 Attach 1 | . . . . 1 . Detach . | . . . . . . Swap . | . . . . . . Drop 1 | . . . 1 . . Fire 1 | . . . 1 . . Melee . | . . . . . . Ram 10 | . . . . 7 3 Kick . | . . . . . . Crush . | . . . . . . Escape Stasis . | . . . . . . Rewire . | . . . . . . Trap . | . . . . . . Miscellaneous . | . . . . . . Route ------- -11/Scrapyard -10/Materials -9/Materials -8/Materials -7/Factory -6/Factory History --------- Turn | Location | Event 3 | -11/Scrapyard | Discovered new exit (range 15) 10 | -11/Scrapyard | Entered Materials 65 | -10/Materials | Discovered new exit (range 10) 68 | -10/Materials | Entered another Materials area 68 | -9/Materials | Evolved 2 slots: Utility x2 119 | -9/Materials | Discovered new exit (range 13) 124 | -9/Materials | Identified exit to Materials 125 | -9/Materials | Entered another Materials area 125 | -8/Materials | Evolved 2 slots: Propulsion x1, Utility x1 210 | -8/Materials | Discovered new exit (range 3) 210 | -8/Materials | Identified exit to Factory 211 | -8/Materials | Entered Factory 211 | -7/Factory | Evolved 2 slots: Propulsion x1, Utility x1 260 | -7/Factory | Discovered new exit (range 9) 267 | -7/Factory | Identified exit to Factory 267 | -7/Factory | Entered another Factory area 267 | -6/Factory | Evolved 2 slots: Utility x2 360 | -6/Factory | Spotted B-75 Beast 370 | -6/Factory | Core integrity fell below 50% 373 | -6/Factory | Core integrity fell below 20% 380 | -6/Factory | Destroyed by G-50 Soldier with Heavy Laser Last Messages --------------- GOAL=ESCAPE Acquired Hacking Suite. ALERT: All DSF locations entering lockdown mode. Slammed into S-27 Virus. Acquired Imp. Hacking Suite. Slammed into G-67 Veteran. G-67 Veteran knocked back. Destabilizing: System corrupted (+1). Acquired Power Sword. Hacking Suite destroyed. K-01 Serf collects debris. O-24 Administrator: "IFF HANDSHAKE FAILED. SECURING TERMINAL." Power Conduit explodes. Terminal disabled. O-24 Administrator destroyed. Power Conduit explodes. Fabricator disabled. Power Conduit explodes. Terminal disabled. Knocked back. Map ----- +----------------------------------------------------+ | ## " " ## #????????????????#"""" ## | | ## " " ## #????????????????#"""" ## | | ## " " ## #????????????????# ## | | ## " " ## #????????????????#"""" ## | | ## " " ## #????????????????#"""" ## | | ## ? " ####/#######????????????????#"""" ##+ | | ## ? " #??# #??????????????????????#"""" #?? | | ## ? #??# #??????????????????????# #?? | | ## ? ????# ###???###??????????????# #?? | | #?#?##????# ##!??? #?????????????# #?? | | ########### ## ! #?####????????##/#####?? | | ##"""T"""# # """ #? ?????????# #?????? | | ##""" """# # """ #? """"????????# #?????? | | # """ # """"????????# #?????? | | ] # # """" ???????# #?????? | | # # """" ?####### ##????? | | ^ == # """ # """" # ### | | = #* Y" # """" # | | # """ # """" + ### | | #? ?# # #####????? | | ! ####+############# #????????? | | gg #????????? | | #????????? | | ] #????????? | | ^ #????????? | | @ #????????? | | " ######;############ #????????? | | # ""#??? ?????????# #????????? | | ### # # ####? ???????# #????????? | | ??############??# ! ?????# #????????? | | ????????????????# #????# #????????? | | ????????????????# #????# #????????? | | ????????????????##############????# #????????? | | ??????????????????????????????????###+###????????? | | ?????????????????????????????????????????????????? | | ?????????????????????????????????????????????????? | | ?????????????????????????????????????????????????? | | ?????????????????????????????????????????????????? | | ?????????????????????????????????????????????????? | | ?????????????????????????????????????????????????? | | ?????????????????????????????????????????????????? | | ?????????????????????????????????????????????????? | | ?????????????????????????????????????????????????? | | ?????????????????????????????????????????????????? | | ?????????????????????????????????????????????????? | | ?????????????????????????????????????????????????? | | ?????????????????????????????????????????????????? | | ?????????????????????????????????????????????????? | | ?????????????????????????????????????????????????? | | ?????????????????????????????????????????????????? | +----------------------------------------------------+ Best States ------------- Heat Dissipation 37 Energy Generation 5 Energy Capacity 100 Matter Stores 216 Matter Capacity 300 Sight Range 20 Robot Scan Range 14 Terrain Scan Density 10 Evasion (%) 62 Offensive Hacking 32 Item Schematics ----------------- None Robot Schematics ------------------ None Fabricated ------------ Nothing Alien Tech Used ----------------- None Achievements -------------- None Challenges ------------ None Game ------ Seed PointGatlingArchive Manual? 0 Play Time 00:07:20 Cumulative 207.0 hours Start 2024.08.16 @ 01:14:30 End 2024.08.16 @ 01:20:27 Sessions 1 Manual Loads 0 Difficulty Rogue Special Mode None Game No. 373 Rogue 371 Adventurer 2 Explorer 0 Win Type - Total 9 Types 8/0/0/1/0/0/0/0/0 Lore% 72 Gallery% 65 Achievement% 56 Wizard Run 0 Options --------- Layout 0 ASCII 0 Keyboard 1 Movement Numpad Keybinds 1 Fullscreen 2 Font 18/SmallcapsGlow Map View 76x50 Zoom Use 0% Tactical HUD 1 Map Filters NONE Filters NONE Steam 1 RUN: 3e019023-19a8-4cd7-aa19-d9092427b61c